 Dungeon Crawl Stone Soup version 0.28.0-53-g5a82cb258f (webtiles) character file.

Game seed: 6935482975080146423

98 Eitelfritz the Magician (level 5, -3/35 HPs)
             Began as a Djinni Fire Elementalist on May 29, 2022.
             Slain by a gnoll
             ... wielding a +1 antimagic halberd
              (14 damage)
             ... on level 3 of the Dungeon.
             The game lasted 00:07:45 (2071 turns).

Eitelfritz the Magician (Djinni Fire Elementalist)  Turns: 2071, Time: 00:07:45

Health: -3/35      AC:  2    Str:  7    XL:     5   Next: 1%
Gold:   88         EV: 12    Int: 19    God:
                   SH:  0    Dex: 13

rFire   + + .      SeeInvis .   (no weapon)
rCold   x . .      Faith    .   (no shield)
rNeg    . . .      Spirit   .   a - +0 robe
rPois   ∞          Reflect  .   (no helmet)
rElec   .          Harm     .   (no cloak)
rCorr   .          Rampage  .   (no gloves)
Will    .....                   (boots unavailable)
Stlth   ++........              f - amulet of regeneration
HPRegen 0.91/turn               (no ring)
MPRegen 0.00/turn               (no ring)

@: flying
A: sickness immunity, fire resistance 2, cold vulnerability 1, float, innate
caster, HP casting, extra vitality 1
a: no special abilities


You were on level 3 of the Dungeon.
You visited 1 branch of the dungeon, and saw 3 of its levels.

You collected 88 gold pieces.

Inventory:

Armour
 a - a +0 robe (worn)
Jewellery
 f - an amulet of regeneration (around neck)
Scrolls
 b - a scroll of identify {unknown}
 c - 2 scrolls of teleportation {unknown}
Potions
 d - a potion of ambrosia {unknown}
 e - a potion of lignification {unknown}
 g - a potion of haste {unknown}
 h - a potion of heal wounds {unknown}
 i - a potion of curing {unknown}


   Skills:
 + Level 2.4 Dodging
 + Level 1.9 Stealth
 + Level 3.9 Spellcasting


You couldn't memorise any spells.
You knew the following spells:

 Your Spells              Type           Power      Damage    Failure   Level
a - Foxfire               Conj/Fire      72%        2x1d7     2%          1
b - Scorch                Fire           36%        2d6       4%          2
c - Conjure Flame         Conj/Fire      18%        6-21      9%          3
d - Inner Flame           Hex/Fire       18%        N/A       9%          3
e - Flame Wave            Conj/Fire      18%        2d6       26%         4
f - Freeze                Ice            72%        1d9       2%          1
g - Wereblood             Tmut           18%        N/A       4%          2
Your spell library was empty.

Dungeon Overview and Level Annotations

Branches:
Dungeon (3/15)

Altars:


Innate Abilities, Weirdness & Mutations

You are immune to sickness and miasma.
You are immune to poison.
Your flesh is very heat resistant. (rF++)
You are vulnerable to cold. (rC-)
You float through the air rather than walking.
You learn spells naturally, not from books.
Your magical power is your life essence.
You have superior vitality. (+4 MHP)


Message History

Your foxfire dissipates!
The foxfire hits the gnoll.
The gnoll is moderately wounded.
Casting: Foxfire (safe; 3% risk of failure)
Confirm with . or Enter, or press ? or * to list all spells.
You conjure some foxfire!
The gnoll closely misses you.
Your foxfire dissipates!
The foxfire hits the gnoll.
The gnoll is heavily wounded.
Casting: Foxfire (safe; 3% risk of failure)
Confirm with . or Enter, or press ? or * to list all spells.
You conjure some foxfire!
The gnoll hits you from afar with a +0 spear.
The foxfire hits the gnoll.
The gnoll is severely wounded.
The foxfire hits the gnoll!
You kill the gnoll!
You have reached level 5!
The power to cast Wereblood wells up from within.
Spell assigned to 'g'.
Casting: Foxfire (safe; 2% risk of failure)
Confirm with . or Enter, or press ? or * to list all spells.
You conjure some foxfire!
The foxfire hits the gnoll.
The gnoll is heavily wounded.
The foxfire hits the gnoll.
The gnoll is heavily wounded.
Casting: Foxfire (safe; 2% risk of failure)
Confirm with . or Enter, or press ? or * to list all spells.
You conjure some foxfire!
The gnoll hits you from afar with a +0 spear!
Your foxfire dissipates!
The foxfire hits the gnoll.
The gnoll is almost dead.
Casting: Foxfire (safe; 2% risk of failure)
Confirm with . or Enter, or press ? or * to list all spells.
You conjure some foxfire!
The gnoll hits you from afar with a +0 spear.
The gnoll hits you from afar with a +1 antimagic halberd!
You die...

.. #. ######### ..
#.......# #. #.......#
#.# #.......# #..
####.......##
######.####<.g.........
..........).ggv§v......
#######.######.@######
#.. #### ##.# .. .g.


gg. g... You could see 3 gnolls.

Vanquished Creatures
  2 adders (D:2)
  2 gnolls
  A worm (D:2)
  2 dart slugs
  6 endoplasms
  2 giant cockroaches (D:2)
  3 goblins
  3 hobgoblins
  6 jackals (D:1)
  6 kobolds
  A quokka (D:1)
  3 ball pythons (D:1)
  5 bats
  6 frilled lizards
  5 rats
53 creatures vanquished.

Vanquished Creatures (others)
  128 foxfires
128 creatures vanquished.

Grand Total: 181 creatures vanquished

Notes
Turn   | Place    | Note
-------+----------+-------------------------------------------
     0 | D:1      | Eitelfritz the Djinni Fire Elementalist began the quest for
                  | the Orb.
     0 | D:1      | Reached XP level 1. HP: 15/15 MP: 0/0
    21 | D:1      | Reached XP level 2. HP: 11/21 MP: 0/0
   248 | D:1      | Reached skill level 3 in Spellcasting
   258 | D:1      | Reached XP level 3. HP: 21/25 MP: 0/0
   258 | D:1      | Learned a level 1 spell: Freeze
   570 | D:1      | Found a faded altar of an unknown god.
  1322 | D:2      | Reached XP level 4. HP: 27/31 MP: 0/0
  2067 | D:3      | Reached XP level 5. HP: 22/35 MP: 0/0
  2067 | D:3      | Learned a level 2 spell: Wereblood
  2071 | D:3      | Slain by a gnoll

Illustrated notes

Levels and vault maps discovered:
D:1:      minmay_arrival_stone_box, layout_basic, basic_ecumenical_altar,
          minivault_19, columned_hall_lemuel
D:2:      layout_rooms, st_stairs_3
D:3:      layout_basic, okawaru_altar_gauntlet_db

Skill      XL: |  1  2 |
---------------+-------+-----
Spellcasting   | 3 |  3.9
Dodging        | |  2.4
Stealth        | |  1.9

Action                   |  1- 3 |  4- 6 || total
-------------------------+-------+-------++-------
Melee: Unarmed           |       |     1 ||     1
 Cast: Foxfire           |    46 |    34 ||    80
 Stab: Sleeping          |       |     1 ||     1
Armor: Robe              |     1 |     4 ||     5
Dodge: Dodged            |     6 |     3 ||     9
